[Event "Titled Tuesday Blitz May 16 Late 2023"]
[White "Liu, Eric"]
[Black "Smiechu"]
[WhiteFideId "30960240"]
[WhiteElo "2094"]
[BlackElo "2286"]
[Result "1-0"]
[Round "03"]
[TimeControl "180+2"]
[Date "2023.05.16"]
[WhiteClock "0:00:57"]
[BlackClock "0:01:29"]

1. b3 e5 2. Bb2 Nc6 3. e3 Nf6 4. h4 d5 5. h5 h6 6. Be2 Bd6 7. d4 e4 8. c4 Be6 9. Nc3 Qd7 10. Rh4 Be7 11. cxd5 Bxd5 12. Rf4 O-O-O 13. Nxd5 Nxd5 14. Bg4 Nxf4 15. Bxd7+ Rxd7 16. exf4 Bb4+ 17. Kf1 Re8 18. a3 Bd6 19. Qg4 Re6 20. d5 f5 1-0


[Site "https://www.chess.com"]

[Event "Titled Tuesday Blitz May 16 Late 2023"]
[White "StarkyNZ"]
[Black "Hirneise, Jens"]
[BlackFideId "24614734"]
[WhiteElo "2280"]
[BlackElo "2345"]
[Result "0-1"]
[Round "03"]
[TimeControl "180+2"]
[Date "2023.05.16"]
[WhiteClock "0:00:59"]
[BlackClock "0:01:20"]

1. c4 e6 2. e4 c5 3. Nf3 Nc6 4. d4 cxd4 5. Nxd4 Bb4+ 6. Bd2 Qa5 7. Nb5 Kf8 8. a3 Bxd2+ 9. Qxd2 Qxd2+ 10. Nxd2 a6 11. Nd6 Ke7 12. c5 Nf6 13. f3 b6 14. b4 bxc5 15. bxc5 Rb8 16. N2c4 a5 17. Nb6 Bb7 18. Be2 Ne8 19. Rd1 Nxd6 20. Rxd6 Rhd8 21. O-O e5 22. Rfd1 Nd4 23. Bc4 Bc6 24. Rb1 Ne6 25. Rbd1 Nxc5 0-1


[Site "https://www.chess.com"]

[Event "Titled Tuesday Blitz May 16 Late 2023"]
[White "Bashkansky, Ethan"]
[Black "Mikhalsky, Vladimir"]
[WhiteFideId "2071533"]
[BlackFideId "14144352"]
[WhiteElo "2280"]
[BlackElo "2236"]
[Result "1-0"]
[Round "03"]
[TimeControl "180+2"]
[Date "2023.05.16"]
[WhiteClock "0:00:09"]
[BlackClock "0:00:01"]

1. d4 Nf6 2. c4 g6 3. Nc3 Bg7 4. e4 O-O 5. Be3 d6 6. f3 a6 7. Nge2 Nc6 8. Nc1 e5 9. d5 Nd4 10. Nb3 Nxb3 11. axb3 Nd7 12. Bd3 Nc5 13. Bc2 f5 14. exf5 gxf5 15. O-O Kh8 16. Kh1 Qh4 17. Qd2 a5 18. b4 Nd7 19. Rxa5 Rxa5 20. bxa5 Qxc4 21. Bd3 Qb3 22. Qc2 Qb4 23. Bxf5 Qxa5 24. Bxh7 Nf6 25. Be4 Nxe4 26. Nxe4 Qxd5 27. Qxc7 Qd3 28. Re1 d5 29. Nd6 d4 30. Bg1 Bh3 31. Nf7+ Kg8 32. Ng5 Bxg2+ 33. Kxg2 Qd2+ 34. Bf2 Qxg5+ 35. Bg3 Qd2+ 36. Bf2 d3 37. Qc4+ Rf7 38. Re3 Qc2 39. b3 Qxc4 40. bxc4 Rd7 41. Re1 Bh6 42. Kf1 d2 43. Rd1 Rc7 44. Ke2 Rxc4 45. Be3 Rh4 46. Rh1 Bxe3 47. Kxe3 Rxh2 48. Rd1 Kf7 49. f4 exf4+ 50. Kxf4 Ke6 51. Kg3 Re2 52. Kf3 Re5 53. Rxd2 Rd5 54. Rb2 b5 55. Ke4 Kd6 56. Rb1 Kc6 57. Rc1+ Rc5 58. Rb1 Rc4+ 59. Kd3 Kc5 60. Rb2 b4 61. Rb1 Rh4 62. Rg1 Rh3+ 63. Kc2 Rh4 64. Rg3 Kc4 65. Kb2 Rh2+ 66. Kb1 Kb5 67. Rg5+ Ka4 68. Rg3 Rg2 69. Rxg2 Ka3 70. Rb2 b3 71. Rg2 Ka4 72. Kb2 Kb4 73. Rg3 Kc5 74. Rxb3 Kd4 75. Rc3 Ke4 76. Kb3 1-0


[Site "https://www.chess.com"]

[Event "Titled Tuesday Blitz May 16 Late 2023"]
[White "Shapiro, Viktor"]
[Black "Xavier_mompel"]
[WhiteFideId "4175700"]
[WhiteElo "2152"]
[BlackElo "2279"]
[Result "1-0"]
[Round "03"]
[TimeControl "180+2"]
[Date "2023.05.16"]
[WhiteClock "0:00:14"]
[BlackClock "0:00:00"]

1. c4 c6 2. Nc3 d5 3. d4 Nf6 4. Nf3 e6 5. Bg5 Nbd7 6. e3 h6 7. Bh4 g5 8. Bg3 Nh5 9. Qc2 Nxg3 10. hxg3 Bg7 11. O-O-O Qe7 12. e4 dxe4 13. Nxe4 Nf6 14. c5 Nxe4 15. Qxe4 O-O 16. Bc4 Bd7 17. Ne5 Rfd8 18. f4 b5 19. Bb3 a5 20. Bc2 f5 21. Qe2 Be8 22. g4 gxf4 23. gxf5 exf5 24. Bxf5 Qg5 25. Be6+ Kh8 26. Nf3 Qf6 27. Bb3 a4 28. Bc2 Bg6 29. Bxg6 Qxg6 30. Qc2 Qxc2+ 31. Kxc2 b4 32. Rhe1 Rd5 33. Re4 Rf8 34. Kd3 a3 35. b3 Rfd8 36. Kc4 Rf8 37. Rde1 Kh7 38. Re7 Kg6 39. R1e6+ Bf6 40. Rxc6 Kf5 41. Kxd5 1-0


[Site "https://www.chess.com"]

[Event "Titled Tuesday Blitz May 16 Late 2023"]
[White "Pires, Marcos Vinicius Torsani"]
[Black "ibove"]
[WhiteFideId "2118939"]
[WhiteElo "2273"]
[BlackElo "2274"]
[Result "0-1"]
[Round "03"]
[TimeControl "180+2"]
[Date "2023.05.16"]
[WhiteClock "0:00:09"]
[BlackClock "0:00:31"]

1. d4 Nf6 2. Bf4 c5 3. e3 d5 4. c3 Qb6 5. Qb3 c4 6. Qc2 Bf5 7. Qc1 e6 8. Nd2 Nbd7 9. h3 Bd6 10. Ne2 O-O 11. Bxd6 Qxd6 12. Nf4 b5 13. Be2 b4 14. O-O Rab8 15. Nf3 bxc3 16. bxc3 Qb6 17. Nh4 Be4 18. f3 Bg6 19. Nhxg6 hxg6 20. Rb1 Qxb1 21. Qxb1 Rxb1 22. Rxb1 g5 23. Rb7 gxf4 24. exf4 Rb8 25. Rxa7 g6 26. g4 Rb2 27. Bf1 Nb6 28. a4 Rb3 29. a5 Na4 30. a6 Nxc3 31. g5 Nh5 32. Rb7 Ra3 33. a7 Kg7 34. Kf2 Nxf4 35. Kg3 Nd3 36. h4 Nb4 37. h5 gxh5 38. g6 Kxg6 39. Bh3 Nc6 40. a8=Q Rxa8 0-1


[Site "https://www.chess.com"]

[Event "Titled Tuesday Blitz May 16 Late 2023"]
[White "Wieczorek, Zbigniew"]
[Black "merinasian"]
[WhiteFideId "1102001"]
[WhiteElo "2273"]
[BlackElo "2443"]
[Result "1-0"]
[Round "03"]
[TimeControl "180+2"]
[Date "2023.05.16"]
[WhiteClock "0:00:29"]
[BlackClock "0:00:03"]

1. Nf3 Nf6 2. d4 e6 3. c4 b6 4. Nc3 Bb7 5. a3 Be7 6. d5 O-O 7. e4 exd5 8. cxd5 Na6 9. b4 Re8 10. Bd3 c6 11. d6 Bxd6 12. Bxa6 Nxe4 13. Nxe4 Rxe4+ 14. Be2 Qe7 15. Be3 c5 16. b5 Rxe3 17. fxe3 Qxe3 18. Qd2 Qe7 19. O-O Re8 20. Rfe1 Qf6 21. Rad1 Re6 22. Bc4 Bxf3 23. Bxe6 1-0


[Site "https://www.chess.com"]

[Event "Titled Tuesday Blitz May 16 Late 2023"]
[White "olga-belka"]
[Black "Urbina Perez, Juan Antonio"]
[BlackFideId "2217368"]
[WhiteElo "2257"]
[BlackElo "2197"]
[Result "0-1"]
[Round "03"]
[TimeControl "180+2"]
[Date "2023.05.16"]
[WhiteClock "0:00:17"]
[BlackClock "0:01:16"]

1. e4 c5 2. Nf3 d6 3. Bb5+ Bd7 4. Bxd7+ Nxd7 5. O-O Ngf6 6. Re1 e6 7. d4 Be7 8. Nc3 cxd4 9. Nxd4 O-O 10. Be3 a6 11. a4 Rc8 12. a5 Qc7 13. f3 Ne5 14. Bf2 Nc4 15. Na4 d5 16. exd5 Nxd5 17. b3 Nd6 18. Nxe6 fxe6 19. Rxe6 Nf4 20. Bb6 Qd7 21. Re1 Bf6 22. Rc1 Qc6 23. c4 Rfe8 24. Rxe8+ Rxe8 25. Nc3 Bxc3 26. Rxc3 Ne2+ 0-1


[Site "https://www.chess.com"]

[Event "Titled Tuesday Blitz May 16 Late 2023"]
[White "Toniutti, Ezio"]
[Black "mjelcic"]
[WhiteFideId "113034"]
[WhiteElo "2215"]
[BlackElo "2250"]
[Result "1-0"]
[Round "03"]
[TimeControl "180+2"]
[Date "2023.05.16"]
[WhiteClock "0:00:18"]
[BlackClock "0:00:13"]

1. d4 d5 2. c4 c6 3. Nc3 Nf6 4. e3 Bf5 5. cxd5 cxd5 6. Qb3 e6 7. Qxb7 Nbd7 8. Nf3 Bd6 9. Be2 O-O 10. O-O Qa5 11. Qa6 Qxa6 12. Bxa6 Rab8 13. b3 Rb6 14. Be2 Rc8 15. Bb2 Rbc6 16. Rac1 h6 17. Bb5 R6c7 18. Bxd7 Nxd7 19. Nb5 Rxc1 20. Rxc1 Rxc1+ 21. Bxc1 Bb8 22. Ba3 a6 23. Nc3 Bd3 24. Ne1 Bg6 25. Kf1 Bc7 26. Ke2 Ba5 27. b4 Bc7 28. Nd3 Nb6 29. Nc5 Nc4 30. Bc1 a5 31. b5 Bh5+ 32. Kf1 f6 33. h3 Kf7 34. Ke1 Ke7 35. Bd2 Be8 36. a4 Bb6 37. Kd1 Kd6 38. Nb3 Bh5+ 39. Kc2 Bg6+ 40. Kc1 Bd3 41. g3 g5 42. Nd1 Bf1 43. h4 gxh4 44. gxh4 f5 45. Nb2 Bd8 46. h5 Nxb2 47. Kxb2 Be2 48. Nxa5 Bxa5 49. Bxa5 Bxh5 50. Bd8 Be8 51. Ka3 h5 52. Kb4 e5 53. dxe5+ Kxe5 54. Kc5 Ke4 55. a5 f4 56. a6 fxe3 57. fxe3 Kxe3 58. a7 1-0


[Site "https://www.chess.com"]

[Event "Titled Tuesday Blitz May 16 Late 2023"]
[White "rikchessmx"]
[Black "Pein, Jonathan"]
[BlackFideId "417092"]
[WhiteElo "2231"]
[BlackElo "2151"]
[Result "0-1"]
[Round "03"]
[TimeControl "180+2"]
[Date "2023.05.16"]
[WhiteClock "0:01:51"]
[BlackClock "0:02:32"]

1. e4 e5 2. Nf3 d6 3. Bc4 Nf6 4. d3 Be7 5. c3 O-O 6. h3 c6 7. b4 Nbd7 8. Bb3 Qc7 9. Nbd2 d5 10. Qe2 b6 11. g4 a5 12. g5 Nh5 13. exd5 Nf4 14. Qf1 cxd5 15. c4 Bxb4 16. cxd5 Ba6 17. Bc4 b5 18. Bb3 Qc3 19. a3 Qxa1 0-1


[Site "https://www.chess.com"]

[Event "Titled Tuesday Blitz May 16 Late 2023"]
[White "Talbi, Chafik"]
[Black "Martin Barcelo, Carles"]
[WhiteFideId "7903715"]
[BlackFideId "24561444"]
[WhiteElo "2186"]
[BlackElo "2089"]
[Result "0-1"]
[Round "03"]
[TimeControl "180+2"]
[Date "2023.05.16"]
[WhiteClock "0:00:19"]
[BlackClock "0:00:27"]

1. e4 e6 2. d4 d5 3. exd5 exd5 4. Nf3 Bd6 5. Bd3 Ne7 6. O-O c6 7. Re1 O-O 8. c3 Bg4 9. Bxh7+ Kxh7 10. Ng5+ Kg8 11. Qxg4 Qd7 12. Qh5 Qf5 13. Re3 f6 14. Rf3 Qg6 15. Qxg6 Nxg6 16. Nh3 c5 17. dxc5 Bxc5 18. Be3 Bxe3 19. Rxe3 Nc6 20. Na3 Rad8 21. Rd1 d4 22. cxd4 Nxd4 23. Red3 Ne2+ 24. Kf1 Rxd3 25. Rxd3 Nef4 26. Nxf4 Nxf4 27. Rd2 Rc8 28. Nc2 Kf8 29. g3 Ne6 30. Ne3 Ke8 31. Nf5 Rc1+ 32. Kg2 b6 33. Re2 Kf7 34. Nd6+ Ke7 35. Nb5 Kd7 36. Nxa7 Rc5 37. a4 g5 38. Nb5 Rc4 39. b3 Rc1 40. Rd2+ Ke7 41. Rd6 g4 42. Rxb6 Ng5 43. Rb7+ Kf8 44. Nd4 Nh3 45. Ne6+ Ke8 46. f4 Rg1# 0-1


[Site "https://www.chess.com"]

[Event "Titled Tuesday Blitz May 16 Late 2023"]
[White "Pappelis, Dimitrios"]
[Black "Ziatdinov, Raset"]
[WhiteFideId "4215281"]
[BlackFideId "2015323"]
[WhiteElo "2104"]
[BlackElo "2220"]
[Result "0-1"]
[Round "03"]
[TimeControl "180+2"]
[Date "2023.05.16"]
[WhiteClock "0:00:00"]
[BlackClock "0:00:02"]

1. c4 Nf6 2. g3 g6 3. Bg2 Bg7 4. Nc3 O-O 5. Nf3 d6 6. O-O Nc6 7. d3 e5 8. Rb1 Nh5 9. b4 f5 10. b5 Ne7 11. Bd2 h6 12. a4 g5 13. Nd5 Nxd5 14. cxd5 f4 15. Rc1 Qe7 16. Qc2 Rf7 17. Ba5 b6 18. Bb4 Bb7 19. Nd2 Raf8 20. a5 g4 21. Be4 Qg5 22. a6 Ba8 23. Kg2 fxg3 24. hxg3 Nf4+ 25. gxf4 exf4 26. Rg1 Bd4 27. Bc3 Be5 28. Bxe5 Qxe5 29. f3 g3 30. Qc3 Qg5 31. Rh1 h5 32. Rh3 Bxd5 33. Bxd5 Qxd5 34. Rch1 Rh7 35. Ne4 Qf5 36. Qc4+ d5 37. Qb3 Kh8 38. Nc3 Re8 39. Qb2 d4 40. Ne4 Qe5 41. Rh4 Kg8 42. R4h3 Kh8 43. Rh4 Kg8 44. Rc1 Qe7 45. Rc4 Qxh4 0-1


[Site "https://www.chess.com"]

[Event "Titled Tuesday Blitz May 16 Late 2023"]
[White "Schut, Han"]
[Black "Qiao, Cindy"]
[WhiteFideId "1005561"]
[BlackFideId "2620243"]
[WhiteElo "2024"]
[BlackElo "1777"]
[Result "1-0"]
[Round "03"]
[TimeControl "180+2"]
[Date "2023.05.16"]
[WhiteClock "0:00:25"]
[BlackClock "0:00:12"]

1. e4 c5 2. Nf3 d6 3. d4 cxd4 4. Nxd4 Nf6 5. f3 e5 6. Bb5+ Nbd7 7. Nf5 Qb6 8. c4 a6 9. Bxd7+ Bxd7 10. Ne3 Rc8 11. Nc3 Be6 12. b3 Be7 13. O-O O-O 14. Kh1 Rfd8 15. Qd3 Qc5 16. a4 Rd7 17. Rd1 Qb6 18. Qc2 Qc7 19. a5 Bd8 20. Qd2 b5 21. Ncd5 Bxd5 22. cxd5 Qc3 23. b4 Rdc7 24. Nf5 Qxd2 25. Bxd2 Ne8 26. Rac1 g6 27. Nh6+ Kg7 28. Rxc7 Rxc7 29. Rc1 Rxc1+ 30. Bxc1 Nf6 31. h3 Nh5 32. Ng4 Ng3+ 33. Kh2 Ne2 34. Bd2 Bh4 35. Ne3 Bg3+ 36. Kh1 Bf4 37. Nf1 f5 38. Bxf4 Nxf4 39. exf5 gxf5 40. Ne3 Kf6 41. g3 Nd3 42. Nc2 e4 43. fxe4 fxe4 44. Kg1 Ke5 45. g4 Kxd5 46. Kg2 Ke5 47. Kg3 d5 48. h4 d4 49. g5 Kf5 50. Nxd4+ Ke5 51. Nxb5 Nxb4 52. Nc7 e3 53. Kf3 Kd4 54. h5 Kd3 55. Ne6 Nd5 56. Nc5+ Kd2 57. Nb3+ Kd3 58. g6 hxg6 59. hxg6 e2 60. Nc1+ Kd2 61. Nxe2 Kd3 62. Nf4+ Kd4 63. Nxd5 Kxd5 64. g7 1-0


[Site "https://www.chess.com"]

[Event "Titled Tuesday Blitz May 16 Late 2023"]
[White "Rangel, Daniel"]
[Black "Calhoun, Luke"]
[WhiteFideId "2124475"]
[BlackFideId "2064421"]
[WhiteElo "2256"]
[BlackElo "2253"]
[Result "1-0"]
[Round "03"]
[TimeControl "180+2"]
[Date "2023.05.16"]
[WhiteClock "0:01:07"]
[BlackClock "0:01:07"]

1. e4 e6 2. d4 d5 3. Nd2 Be7 4. Bd3 c5 5. exd5 Qxd5 6. Ngf3 cxd4 7. O-O Nc6 8. Be4 Qd6 9. Nb3 e5 10. Re1 Nf6 11. Bxc6+ bxc6 12. Nxe5 c5 13. Qf3 Qd5 14. Nc6 Be6 15. Nxe7 Qxf3 16. gxf3 Kxe7 17. Nxc5 Rac8 18. Nxe6 fxe6 19. Re2 h6 20. b3 Nd5 21. Bb2 Nf4 22. Re4 Rhf8 23. Ba3+ 1-0


[Site "https://www.chess.com"]

[Event "Titled Tuesday Blitz May 16 Late 2023"]
[White "Szyszylo, Rafal"]
[Black "Chemin, Justo Reinaldo"]
[WhiteFideId "1109626"]
[BlackFideId "2101580"]
[WhiteElo "1951"]
[BlackElo "1940"]
[Result "1/2-1/2"]
[Round "03"]
[TimeControl "180+2"]
[Date "2023.05.16"]
[WhiteClock "0:00:10"]
[BlackClock "0:00:03"]

1. e4 e6 2. d4 d5 3. e5 c5 4. c3 Qb6 5. Nf3 Bd7 6. Bd3 Nc6 7. dxc5 Bxc5 8. O-O a5 9. Nbd2 Qc7 10. Re1 Nge7 11. Nb3 Ba7 12. h4 Ng6 13. Qe2 Nge7 14. Bf4 a4 15. Nbd4 Nxd4 16. cxd4 Nc6 17. Rac1 Qb6 18. Be3 Nb4 19. Bb1 Bb5 20. Qd2 Nc6 21. h5 h6 22. Qc2 Rc8 23. Qd1 Ne7 24. Rxc8+ Nxc8 25. Qc2 Ne7 26. Rc1 Bc6 27. g4 Kd7 28. Bd2 g6 29. hxg6 Nxg6 30. Qc3 Qd8 31. Qb4 Qe7 32. Qxe7+ Kxe7 33. Kg2 Kd7 34. Rh1 b5 35. a3 Bb6 36. Rxh6 Rxh6 37. Bxh6 Ba5 38. Bxg6 fxg6 39. Bd2 Bd8 40. Kg3 Ke7 41. Nh4 Kf7 42. f4 Bxh4+ 43. Kxh4 Bd7 44. Kg5 Bc6 45. Bb4 Bd7 46. Bd6 Bc8 47. Kh6 Bd7 48. Kg5 Bc8 49. Kh4 Bd7 50. Kg5 1/2-1/2


[Site "https://www.chess.com"]

[Event "Titled Tuesday Blitz May 16 Late 2023"]
[White "Winkels, Marcel"]
[Black "Bogaudinov, Rushan"]
[WhiteFideId "1003887"]
[BlackFideId "4129288"]
[WhiteElo "1900"]
[BlackElo "1941"]
[Result "0-1"]
[Round "03"]
[TimeControl "180+2"]
[Date "2023.05.16"]
[WhiteClock "0:00:00"]
[BlackClock "0:00:33"]

1. d4 Nf6 2. Nc3 d5 3. Bf4 a6 4. e3 g6 5. h4 Bg7 6. Nf3 Bg4 7. Qd2 O-O 8. Ne5 Bf5 9. f3 h5 10. O-O-O b5 11. g4 hxg4 12. fxg4 Nxg4 13. h5 Nxe5 14. dxe5 g5 15. h6 Bh8 16. Rg1 f6 17. Qxd5+ Qxd5 18. Nxd5 Nc6 19. exf6 exf6 20. Bxc7 Rac8 21. Bd3 Bxd3 22. Rxd3 Rfe8 23. Bd6 Kh7 24. Rh1 Rcd8 25. Bc5 Re5 26. Rhd1 Kxh6 27. Bb6 Rg8 28. Rh1+ Kg6 29. Nc3 Re6 30. Bc5 Ne5 31. Rdd1 Bg7 0-1


[Site "https://www.chess.com"]

[Event "Titled Tuesday Blitz May 16 Late 2023"]
[White "K2JW"]
[Black "Andreassen, Lars"]
[BlackFideId "1504878"]
[WhiteElo "2384"]
[BlackElo "2119"]
[Result "1/2-1/2"]
[Round "03"]
[TimeControl "180+2"]
[Date "2023.05.16"]
[WhiteClock "0:01:12"]
[BlackClock "0:00:53"]

1. d4 d5 2. c4 e6 3. Nf3 c5 4. cxd5 cxd4 5. dxe6 Bxe6 6. Qxd4 Nd7 7. Nc3 Ngf6 8. e4 Bc5 9. Qd1 Qb6 10. Na4 Bxf2+ 11. Ke2 Bc4+ 12. Kd2 Nxe4+ 13. Kc2 Qc6 14. Nc3 Nxc3 15. bxc3 Qa4+ 16. Kd2 Be3+ 17. Ke1 Bf2+ 18. Kd2 Be3+ 19. Ke1 Bf2+ 20. Kd2 1/2-1/2


[Site "https://www.chess.com"]

[Event "Titled Tuesday Blitz May 16 Late 2023"]
[White "ArchibaldCerveza29"]
[Black "Fuentes Godoy, Lilia Ivonne"]
[BlackFideId "5104130"]
[WhiteElo "2380"]
[BlackElo "2096"]
[Result "1-0"]
[Round "03"]
[TimeControl "180+2"]
[Date "2023.05.16"]
[WhiteClock "0:00:04"]
[BlackClock "0:00:01"]

1. d4 d5 2. c4 e6 3. Nc3 c6 4. e4 dxe4 5. Nxe4 Bb4+ 6. Nc3 Nf6 7. Nf3 O-O 8. Bd3 Nbd7 9. O-O b6 10. Re1 Bb7 11. h3 c5 12. Be3 cxd4 13. Bxd4 Bc5 14. Be2 Bxd4 15. Qxd4 Nc5 16. Qh4 Nfe4 17. Qxd8 Rfxd8 18. Nxe4 Bxe4 19. Red1 Kf8 20. Nd4 Rac8 21. Nb5 Bc2 22. Nxa7 Bxd1 23. Bxd1 Rc7 24. Nb5 Rcd7 25. Bf3 Rd2 26. b3 Nd3 27. a4 Rb2 28. a5 bxa5 29. Rxa5 Rxb3 30. Ra7 Rb1+ 31. Kh2 Nxf2 32. Na3 Rc1 33. Nb5 Nd3 34. Kg3 Ne5 35. Be2 Rc2 36. Bf1 h5 37. h4 f6 38. Ra1 g5 39. hxg5 fxg5 40. Nc7 Rc3+ 41. Kh2 Ke7 42. Nb5 Rc2 43. Ra7+ Kf6 44. Kg3 h4+ 45. Kh3 g4+ 46. Kxh4 Rh8+ 47. Kg3 Rb2 48. Ra6 Rb3+ 49. Kf4 Rh5 50. Nd6 Rb2 51. Ne4+ Kg6 52. Rxe6+ Kg7 53. Rxe5 Rxe5 54. Kxe5 Rb1 55. Bd3 Rd1 56. Nf2 Rd2 57. Nxg4 Rxg2 58. Ne3 Rg3 59. Nf5+ Kg6 60. Nxg3+ Kg5 61. Ne4+ 1-0


[Site "https://www.chess.com"]

[Event "Titled Tuesday Blitz May 16 Late 2023"]
[White "Tarnowska, Aleksandra"]
[Black "FromTexas54"]
[WhiteFideId "1180967"]
[WhiteElo "1776"]
[BlackElo "2377"]
[Result "0-1"]
[Round "03"]
[TimeControl "180+2"]
[Date "2023.05.16"]
[WhiteClock "0:00:14"]
[BlackClock "0:00:07"]

1. e4 g6 2. d4 Bg7 3. Nc3 d6 4. Be3 a6 5. Qd2 b5 6. h4 h6 7. f3 Bb7 8. g4 Nd7 9. Bg2 Nb6 10. f4 Nc4 11. Qc1 Nf6 12. g5 Ng4 13. Rh3 Ngxe3 14. Rxe3 Bxd4 15. Nd1 Nxe3 16. Nxe3 hxg5 17. hxg5 c6 18. c3 Bg7 19. Nf3 Qb6 20. Ke2 O-O-O 21. Qd2 e6 22. a4 c5 23. axb5 axb5 24. c4 Bxe4 25. cxb5 Qxb5+ 26. Kf2 Qxb2 27. Qxb2 Bxb2 28. Ra2 Bc3 29. Ra3 Bb4 30. Ra6 Kb7 31. Ra4 Ra8 32. Rxa8 Rxa8 33. Nc4 Ra2+ 34. Kg3 Kc7 35. Ne3 Bxf3 36. Bxf3 d5 37. Ng4 Bc3 38. Nh6 Be1+ 39. Kh3 Bd2 40. Nxf7 Bxf4 41. Bg4 Kd7 42. Bf3 Ke7 43. Kg4 Kxf7 44. Kxf4 Rf2 45. Kg3 Ra2 46. Kf4 Ke7 47. Bg4 Ra4+ 48. Kg3 Kd6 49. Bf3 Ra3 50. Kf2 c4 51. Ke2 Rxf3 52. Kxf3 e5 53. Ke3 d4+ 54. Ke4 c3 55. Kd3 Kd5 56. Kc2 e4 57. Kc1 Ke5 58. Kd1 Kf5 59. Ke2 Kxg5 60. Kf2 Kf5 61. Kg3 Ke5 62. Kf2 Kd5 63. Ke2 Kc4 64. Kd1 d3 65. Kc1 Kb3 66. Kd1 Kb2 67. Ke1 e3 68. Kf1 c2 69. Kg2 d2 70. Kh2 e2 71. Kg2 e1=Q 72. Kh2 d1=Q 73. Kh3 Qg1 74. Kh4 Qh5# 0-1


[Site "https://www.chess.com"]

[Event "Titled Tuesday Blitz May 16 Late 2023"]
[White "Sailer, Mike"]
[Black "FlemingA"]
[WhiteFideId "2012901"]
[WhiteElo "2109"]
[BlackElo "2376"]
[Result "0-1"]
[Round "03"]
[TimeControl "180+2"]
[Date "2023.05.16"]
[WhiteClock "0:00:00"]
[BlackClock "0:00:04"]

1. d4 Nf6 2. Bg5 Ne4 3. Bf4 Nc6 4. f3 Nf6 5. e4 d6 6. Nc3 g6 7. Bb5 a6 8. Ba4 b5 9. Bb3 Bg7 10. Nge2 O-O 11. a3 e5 12. Be3 exd4 13. Nxd4 Bd7 14. O-O Re8 15. Qd2 Ne5 16. h3 c5 17. Nde2 c4 18. Ba2 Bc6 19. Nf4 Rc8 20. Rad1 Bf8 21. Nfd5 Bxd5 22. Nxd5 Nxd5 23. Qxd5 Qh4 24. Qb7 Ra8 25. b3 Reb8 26. Qd5 Rc8 27. f4 Nd7 28. bxc4 Nf6 29. Qd3 Bg7 30. cxb5 axb5 31. Bb3 Re8 32. Bd4 Nxe4 33. Bxg7 Kxg7 34. f5 Nf6 35. fxg6 hxg6 36. Qxd6 Re2 37. Rd4 Qg5 38. Bd5 Qe3+ 39. Kh1 Qxd4 0-1


[Site "https://www.chess.com"]

[Event "Titled Tuesday Blitz May 16 Late 2023"]
[White "Abduzhaparov"]
[Black "KSho99"]
[WhiteElo "2374"]
[BlackElo "2153"]
[Result "1-0"]
[Round "03"]
[TimeControl "180+2"]
[Date "2023.05.16"]
[WhiteClock "0:01:18"]
[BlackClock "0:00:27"]

1. Nf3 d5 2. c4 d4 3. e3 Nc6 4. b4 dxe3 5. fxe3 Nxb4 6. d4 c5 7. a3 Nc6 8. d5 Nb8 9. Bd3 Nf6 10. e4 g6 11. e5 Ng4 12. h3 Nh6 13. g4 Bg7 14. Bf4 Nd7 15. Qd2 Ng8 16. Nc3 Nb6 17. O-O-O Bd7 18. Rhe1 Na4 19. Ne4 b5 20. cxb5 c4 21. Bc2 Bxb5 22. Qb4 1-0


[Site "https://www.chess.com"]

[Event "Titled Tuesday Blitz May 16 Late 2023"]
[White "Slavin, Alexey"]
[Black "Djordjevic, Dejan N"]
[WhiteFideId "24104388"]
[BlackFideId "913316"]
[WhiteElo "2264"]
[BlackElo "2261"]
[Result "0-1"]
[Round "03"]
[TimeControl "180+2"]
[Date "2023.05.16"]
[WhiteClock "0:00:31"]
[BlackClock "0:00:01"]

1. e4 c5 2. g3 Nc6 3. Bg2 g6 4. Ne2 Bg7 5. Nbc3 d6 6. O-O Nf6 7. a3 O-O 8. Rb1 Rb8 9. b4 Bd7 10. h3 b6 11. d3 Qc8 12. Kh2 a5 13. b5 Nd4 14. a4 e5 15. f4 Be6 16. Bb2 Rd8 17. Nd5 Nxd5 18. exd5 Bd7 19. fxe5 dxe5 20. c4 f5 21. Nxd4 cxd4 22. Ba3 Be8 23. Re1 Bf7 24. Rc1 Rd7 25. Qb3 h5 26. c5 bxc5 27. Rxc5 Qd8 28. Qc2 h4 29. g4 fxg4 30. hxg4 Kh7 31. Qf2 Rb6 32. Rc6 Rbb7 33. d6 Qg5 34. Bh3 Bd5 35. Rc2 Rb6 36. Bc5 Rbxd6 37. Bxd6 Rxd6 38. Rc5 Rf6 39. Qg1 Qf4+ 40. Qg3 Qxg3# 0-1


[Site "https://www.chess.com"]

[Event "Titled Tuesday Blitz May 16 Late 2023"]
[White "Chessadiction1990"]
[Black "Bryant, Todd"]
[BlackFideId "2031299"]
[WhiteElo "2120"]
[BlackElo "2369"]
[Result "1-0"]
[Round "03"]
[TimeControl "180+2"]
[Date "2023.05.16"]
[WhiteClock "0:00:14"]
[BlackClock "0:00:55"]

1. d4 Nf6 2. c4 g6 3. h4 Bg7 4. Nc3 d6 5. e4 Nc6 6. d5 Ne5 7. Be2 O-O 8. h5 c5 9. hxg6 fxg6 10. Bh6 Bxh6 11. Rxh6 Nfg4 12. Rh4 e6 13. Rxg4 Nxg4 14. Bxg4 Qh4 15. Nh3 h5 16. Bxe6+ Bxe6 17. dxe6 Rae8 18. Qxd6 Rd8 19. Qxc5 Rfe8 20. Qg5 Qxg5 21. Nxg5 Kg7 22. Nd5 Rc8 23. b3 b5 24. Rc1 Kh6 25. f4 h4 26. e7 b4 27. Nf7+ Kg7 28. Nd6 Ra8 29. Nxe8+ Rxe8 30. Kf2 Kf7 31. Rh1 Rh8 32. Kf3 Ke8 33. Kg4 a5 34. Rxh4 Rg8 35. Nf6+ Kf7 36. Nxg8 Ke8 37. Rh7 a4 38. Nf6# 1-0


[Site "https://www.chess.com"]

[Event "Titled Tuesday Blitz May 16 Late 2023"]
[White "Torres Dominguez, David"]
[Black "Schuster, Karsten"]
[WhiteFideId "2220857"]
[BlackFideId "4611071"]
[WhiteElo "1999"]
[BlackElo "2254"]
[Result "0-1"]
[Round "03"]
[TimeControl "180+2"]
[Date "2023.05.16"]
[WhiteClock "0:00:00"]
[BlackClock "0:01:26"]

1. e4 d5 2. d3 c6 3. Nf3 Bg4 4. Be2 dxe4 5. dxe4 Qxd1+ 6. Kxd1 Nf6 7. Nfd2 Be6 8. f3 g6 9. Bc4 Bxc4 10. Nxc4 Bg7 11. c3 O-O 12. Ke2 Nbd7 13. Be3 b5 14. Na5 Rfc8 15. Nd2 Nb6 16. Rhd1 c5 17. a3 Ne8 18. Rab1 b4 19. c4 Na4 20. axb4 cxb4 21. Nab3 Bxb2 22. Kf2 Bf6 23. Rdc1 Nc3 24. Ra1 Nd6 25. Rxa7 Rxa7 26. Bxa7 Nxc4 27. Nxc4 Rxc4 28. Be3 h5 29. Nd2 Rc8 30. Nb3 Ra8 31. Rc2 Ra3 32. Nd4 Nd1+ 33. Ke2 Nxe3 0-1


[Site "https://www.chess.com"]

[Event "Titled Tuesday Blitz May 16 Late 2023"]
[White "Ramirez Vido, Robert Yorisan"]
[Black "Levine, David"]
[WhiteFideId "3513823"]
[BlackFideId "2011611"]
[WhiteElo "2367"]
[BlackElo "2059"]
[Result "1-0"]
[Round "03"]
[TimeControl "180+2"]
[Date "2023.05.16"]
[WhiteClock "0:00:07"]
[BlackClock "0:00:00"]

1. f4 d5 2. Nf3 Nf6 3. g3 g6 4. Bg2 Bg7 5. d3 O-O 6. O-O c5 7. Qe1 Nc6 8. e4 e6 9. c3 b6 10. Na3 Bb7 11. e5 Nd7 12. Nb5 Ba6 13. a4 Re8 14. Nd6 Re7 15. Qe2 f5 16. exf6 Bxf6 17. Re1 Nf8 18. Nb5 Qd7 19. Bh3 Na5 20. Ne5 Qe8 21. b4 Nb3 22. Rb1 Nxc1 23. Rbxc1 Bxb5 24. axb5 Qxb5 25. bxc5 Qxc5+ 26. d4 Qc7 27. Qb5 a6 28. Qb3 b5 29. Nd3 Qc4 30. Qxc4 bxc4 31. Nc5 Kf7 32. Ra1 a5 33. Ra4 g5 34. fxg5 Bxg5 35. Rf1+ Kg7 36. Rfa1 Bd2 37. R1a3 Bc1 38. Rxa5 Bxa3 39. Rxa8 Bxc5 40. dxc5 Rc7 41. Ra5 Kf6 42. Kf2 Ke5 43. Ke3 Nd7 44. Ra6 Nxc5 45. Ra8 Ne4 46. Re8 Rc6 47. Rh8 Nxc3 48. Rxh7 d4+ 49. Kd2 Ne4+ 50. Kd1 c3 51. Rh5+ Kd6 52. Bg2 d3 53. Bxe4 c2+ 54. Kc1 d2+ 55. Kxd2 c1=Q+ 56. Ke2 Rc2+ 57. Kf3 1-0


[Site "https://www.chess.com"]